 Dungeon Crawl Stone Soup version 0.27-a0-797-g27d10ad80f (webtiles) character file.

Game seed: 4978724556555190081

4013 Armakuni the Fighter (level 10, -3/80 HPs)
             Began as a Djinni Gladiator on Mar 27, 2021.
             Was an Initiate of Gozag.
             Slain by a wight
             ... wielding a +3 trident
              (6 damage)
             ... on level 8 of the Dungeon.
             The game lasted 00:35:04 (9715 turns).

Armakuni the Fighter (Djinni Gladiator)             Turns: 9715, Time: 00:35:04

Health: -3/80      AC:  5    Str: 16    XL:     10   Next: 23%
Gold:   603        EV: 12    Int: 10    God:    Gozag SH:  0 Dex: 18

rFire    + + .     SeeInvis .   b - +2 falchion (drain)
rCold    x . .     Faith    .   (no shield)
rNeg     . . .     Spirit   .   i - +0 scale mail
rPois    ∞         Reflect  .   c - +0 helmet
rElec    .         Harm     .   k - scarf {shadows}
rCorr    .         Rampage  .   g - +0 pair of gloves {Dex+3}
Will     +....                  (boots unavailable)
Stlth    ..........             (no amulet)
HPRegen  0.23/turn              (no ring)
MPRegen  0.00/turn              (no ring)

@: mighty, corroded, flying
A: fire resistance 2, cold vulnerability 1, float, innate caster, hp casting,
extra vitality 1
a: Renounce Religion, Potion Petition, Call Merchant, Bribe Branch


You were on level 8 of the Dungeon.
You worshipped Gozag.
Gozag was pleased with you.
You visited 2 branches of the dungeon, and saw 9 of its levels.

You collected 774 gold pieces.
You paid 171 gold pieces to Gozag.

Inventory:

Hand Weapons
 b - a +2 falchion of draining (weapon)
 n - a +0 rapier
Missiles
 f - 13 poisoned darts (quivered)
 t - 3 throwing nets
 u - 5 boomerangs of dispersal
Armour
 c - a +0 helmet (worn)
 g - a +0 pair of gloves of dexterity (worn)
 i - a +0 scale mail (worn)
 k - a scarf of shadows (worn)
Wands
 l - a wand of flame (3)
Scrolls
 d - a scroll of magic mapping
 o - a scroll of noise
 r - a scroll of fog
Potions
 e - a potion of flight
 h - 3 potions of curing
 w - a potion of haste


   Skills:
 - Level 10.0 Fighting
 - Level 5.3(6.8) Short Blades
 + Level 6.4(7.3) Long Blades
 - Level 1.5 Throwing
 - Level 5.0 Armour
 - Level 5.0 Dodging


You couldn't memorise any spells.
You knew the following spells:

 Your Spells              Type           Power      Damage    Failure   Level
a - Sandblast             Erth           0%         2d4       77%         1
b - Call Imp              Summ           0%         N/A       88%         2
c - Slow                  Hex            0%         N/A       88%         2
d - Olgreb's Toxic Radia  Pois           0%         N/A       100%        4
Your spell library was empty.


Dungeon Overview and Level Annotations

Branches:
Dungeon (8/15)             Temple (1/1) D:4
   Lair: D:8-11

Altars:
Ashenzari
Cheibriados
Dithmenos
Elyvilon
Fedhas
Gozag
Hepliaklqana
Kikubaaqudgha
Makhleb
Nemelex Xobeh
Okawaru
Qazlal
Ru
Sif Muna
Trog
Uskayaw
Vehumet
Wu Jian
Xom
Yredelemnul
Zin
The Shining One

Shops:
D:1 *(

Annotations:
D:3 3 runed translucent doors, bmj180's ghost, amateur DrCj
D:6 2 transporters, Menkaure
D:7 Maurice


Innate Abilities, Weirdness & Mutations

You are immune to poison.
Your flesh is very heat resistant. (rF++)
You are vulnerable to cold. (rC-)
You float through the air rather than walking.
You learn spells naturally, not from books.
Your magical power is your life essence.
You have superior vitality. (+4 HP)


Message History

An acid dragon comes into view.
The acid dragon roars!
The acid dragon spits acid at you. The splash of acid hits you!
The acid corrodes you!
You are splashed with acid!
You see here a scroll of identify.
a - a scroll of identify The acid dragon closely misses you.
The acid dragon completely misses you.
Okay, then.
As you read the scroll of identify, it crumbles to dust.
m - a potion of might The acid dragon spits acid at you.
The splash of acid hits you!
You are splashed with acid!!
Okay, then.
Unknown command.
Okay, then. [a] - 192 gold - heal wounds and curing [b] - 600 gold - haste, resistance and heal wounds [c] - 130 gold - heal wounds Purchase which effect?
You feel much better. The acid dragon bites you! The acid dragon misses you.
You feel very mighty all of a sudden. The acid dragon barely misses you.
You riposte.
You hit the acid dragon but do no damage.
The acid dragon claws you.
A wight comes into view. It is wielding a +3 trident.
You hit the acid dragon. You drain the acid dragon.
The acid dragon is lightly wounded.
The acid dragon completely misses you. The acid dragon barely misses you.
The acid dragon spits acid at you. The splash of acid hits you!
You are splashed with acid!
* * * LOW HITPOINT WARNING * * *
The wight hits you from afar with a +3 trident.
* * * LOW HITPOINT WARNING * * *
There is a stone staircase leading up here.
The acid dragon bites you!
* * * LOW HITPOINT WARNING * * *
The acid dragon closely misses you.
The wight hits you from afar with a +3 trident.
You die...
Your body crumbles into a pile of gold.

#.# #.# #.# #.# .. .#(#
#.# .#.### #.# .#.z.#
#.# .#.#D# .#
#####.####.#z#@# .#
.(...........#.....##
#######.....#######...#
...z....###..z.#..
..#### #########
####.#.###......
####.#.(zz...#
#....z.#####.# #.######
$ #


You could see an acid dragon (catching breath, drained) and a wight.

Vanquished Creatures
  Harold (D:7)
  Pikel (D:7)
  Joseph (D:7)
  A hornet (D:7)
  Prince Ribbit (D:5)
  Eustachio (D:5)
  2 water moccasins
  An orc warrior (D:7)
  An ogre (D:3)
  A phantom (D:5)
  2 lemures (D:7)
  A wyvern zombie (D:7)
  4 bullfrogs
  2 scorpions
  A water moccasin skeleton (D:5)
  A wight (D:8)
  A howler monkey (D:8)
  A centaur zombie (D:7)
  A bullfrog zombie (D:7)
  7 hounds
  A jelly (D:5)
  A gnoll shaman (D:4)
  Terence (D:1)
  2 orc priests (D:5)
  4 orc wizards
  Natasha (D:3)
  4 iguanas
  2 killer bee zombies
  A hound skeleton (D:4)
  5 gnolls
  A howler monkey skeleton (D:5)
  5 adders
  A shadow imp (D:6)
  A white imp (D:5)
  An ufetubus (D:4)
  A worm (D:2)
  2 dart slugs
  21 orcs
  7 ball pythons
  9 endoplasms
  4 giant cockroaches
  5 goblins
  9 hobgoblins
  11 jackals
  5 quokkas
  6 bats
  2 frilled lizards (D:1)
  8 kobolds
  6 rats
159 creatures vanquished.

Vanquished Creatures (others)
  A plant (D:1)
1 creature vanquished.

Grand Total: 160 creatures vanquished

Notes
Turn   | Place    | Note
-------+----------+-------------------------------------------
     0 | D:1      | Armakuni the Djinni Gladiator began the quest for the Orb.
     0 | D:1      | Reached XP level 1. HP: 18/18 MP: 0/0
    64 | D:1      | Found Weeskir's Assorted Antiques.
   108 | D:1      | Reached XP level 2. HP: 5/23 MP: 0/0
   793 | D:1      | Reached XP level 3. HP: 21/29 MP: 0/0
   793 | D:1      | Learned a level 1 spell: Sandblast
   942 | D:1      | Found Suggops's Weapon Emporium.
  1433 | D:2      | Noticed Terence
  1447 | D:1      | Killed Terence
  1448 | D:1      | Reached skill level 3 in Fighting
  1448 | D:1      | Reached XP level 4. HP: 28/35 MP: 0/0
  2650 | D:3      | Found a runed translucent gate.
  2650 | D:3      | Found a runed translucent gate.
  2650 | D:3      | Found a runed translucent gate.
  2660 | D:3      | Reached XP level 5. HP: 41/41 MP: 0/0
  2660 | D:3      | Learned a level 2 spell: Call Imp
  2679 | D:3      | Noticed bmj180's ghost (amateur DrCj)
  2681 | D:3      | Noticed a centaur
  2873 | D:3      | Found a sparkling altar of Nemelex Xobeh.
  3127 | D:3      | Noticed Natasha
  3137 | D:3      | Killed Natasha
  3138 | D:3      | Reached skill level 4 in Fighting
  3138 | D:3      | Found a shadowy altar of Dithmenos.
  3179 | D:3      | Noticed an ogre
  3193 | D:3      | Killed an ogre
  3194 | D:3      | Reached XP level 6. HP: 37/48 MP: 0/0
  3463 | D:4      | Found a broken altar of Ashenzari.
  3619 | D:4      | Found a staircase to the Ecumenical Temple.
  3626 | Temple   | Entered the Ecumenical Temple
  3685 | Temple   | Became a worshipper of Gozag Ym Sagoz the Greedy
  4436 | D:5      | Entered Level 5 of the Dungeon
  4469 | D:4      | Reached skill level 5 in Fighting
  4469 | D:4      | Reached skill level 5 in Short Blades
  4560 | D:4      | HP: 2/49 [gnoll/+0 whip (5)]
  4938 | D:4      | Reached XP level 7. HP: 36/55 MP: 0/0
  4938 | D:4      | Learned a level 2 spell: Slow
  5710 | D:5      | Reached skill level 1 in Armour
  5795 | D:5      | Noticed Eustachio
  5853 | D:5      | Killed Eustachio
  5854 | D:5      | Reached skill level 6 in Fighting
  6320 | D:5      | Found a hazy altar of Hepliaklqana.
  6351 | D:5      | Reached XP level 8. HP: 49/61 MP: 0/0
  6529 | D:5      | Reached skill level 5 in Dodging
  6762 | D:6      | Found a basalt altar of Yredelemnul.
  6796 | D:6      | Found a transporter.
  6810 | D:6      | Found a transporter.
  6840 | D:6      | Noticed Prince Ribbit
  6866 | D:5      | Killed Prince Ribbit
  6867 | D:5      | Reached skill level 7 in Fighting
  7433 | D:6      | Reached skill level 5 in Armour
  7582 | D:6      | Noticed Menkaure
  7643 | D:6      | Found an iron altar of Okawaru.
  7649 | D:6      | Found a hide-covered altar of Uskayaw.
  7651 | D:6      | Found a burning altar of Makhleb.
  7653 | D:6      | Found a glowing golden altar of the Shining One.
  7656 | D:6      | Found a white marble altar of Elyvilon.
  7818 | D:7      | Noticed Joseph
  8059 | D:7      | Killed Joseph
  8060 | D:7      | Reached skill level 8 in Fighting
  8060 | D:7      | Reached XP level 9. HP: 57/71 MP: 0/0
  8060 | D:7      | Learned a level 4 spell: Olgreb's Toxic Radiance
  8159 | D:7      | Reached skill level 9 in Fighting
  8364 | D:7      | Noticed Harold
  8378 | D:7      | Killed Harold
  8712 | D:7      | Noticed a hornet
  8723 | D:7      | Killed a hornet
  8724 | D:7      | Reached skill level 10 in Fighting
  8724 | D:7      | Reached XP level 10. HP: 62/80 MP: 0/0
  8746 | D:7      | Noticed Pikel
  8774 | D:7      | Killed Pikel
  9049 | D:8      | Noticed Maurice
  9715 | D:8      | HP: 3/80 [acid dragon (9)]
  9715 | D:8      | Slain by a wight

Illustrated notes

Levels and vault maps discovered:
D:1:      dpeg_arrival_prison, layout_loops_ring, serial_shops,
          nicolae_shop_overgrown_old_shop, nicolae_shop_trees
D:2:      layout_rooms, serial_forest, infiniplex_forest_end_2,
          infiniplex_forest_lined_4_way, infiniplex_forest_clump_curved,
          infiniplex_forest_clump_tiny, infiniplex_forest_lined_3_way,
          infiniplex_forest_lined_3, uniq_terence
D:3:      minmay_spotlight, layout_loops_ring, grunt_dithmenos_smoke,
          gammafunk_ghost_split, nemelex_spade_bored_becter, uniq_natasha
D:4:      layout_gridville, minmay_temple_entry_wispy, ashenzari_altar_1
D:5:      layout_basic, old_standard_altar, serial_glass, glass_columns_c,
          glass_columns_a, glass_columns_c, glass_columns_a, glass_columns_b,
          glass_columns_a, uniq_eustachio
D:6:      layout_basic, gammafunk_temple_of_torment,
          chequers_temple_overflow_minitemple, uniq_menkaure,
          uniq_prince_ribbit1
D:7:      layout_rooms, uniq_pikel, uniq_harold, uniq_joseph
D:8:      layout_loops_ring, uniq_maurice
Temple:   cyrus_circular_temple

Skill      XL: |  1  2  3  4  5  6  7  8  9 10 |
---------------+-------------------------------+-----
Short Blades   | 3 4 5 |  5.3
Fighting       | 3 4 5 6 8 10 | 10.0
Armour         | 2 5 |  5.0
Dodging        | 4 5 |  5.0
Long Blades    | 4 6 |  6.4
Throwing       | |  1.5

Action                   |  1- 3 |  4- 6 |  7- 9 | 10-12 || total
-------------------------+-------+-------+-------+-------++-------
Melee: Rapier            |    99 |   273 |   188 |       ||   560
       Short sword       |       |       |   145 |    15 ||   160
       Falchion          |       |       |    18 |    50 ||    68
       Dagger            |       |       |    10 |       ||    10
Throw: Dart              |     4 |    17 |    25 |       ||    46
       Throwing net      |     1 |     3 |     4 |       ||     8
Invok: Potion Petition   |       |       |       |     1 ||     1
Evoke: Wand              |       |       |    11 |     1 ||    12
  Use: Scroll            |       |     8 |     6 |     2 ||    16
       Potion            |       |       |     3 |     2 ||     5
 Stab: Sleeping          |     1 |     1 |       |       ||     2
       Held in net/web   |       |     2 |       |       ||     2
       Paralysed         |       |       |    18 |       ||    18
Armor: Leather armour    |    20 |    47 |    69 |     4 ||   140
       Ring mail         |       |    33 |       |       ||    33
       Scale mail        |       |       |   109 |    11 ||   120
Dodge: Dodged            |    60 |   177 |   351 |    35 ||   623
       Rpst.: Falchion   |       |       |    10 |     7 ||    17

Table legend: (Time is in decaauts)
 A = Elapsed time spent in this place.
 B = Non-inter-level travel time spent in this place.
 C = Inter-level travel time spent in this place.
 D = Time resting spent in this place.
 E = Time spent auto-exploring this place.
 F = Levels seen in this place.
 G = Mean time per level.
                   A        B        C        D        E       F      G
               +--------+--------+--------+--------+--------+-----+--------+
         Total |   9686 |   9461 |    225 |   3486 |   3280 |   9 | 1076.2 |
       Dungeon |   9611 |   9410 |    201 |   3486 |   3233 |   8 | 1201.4 |
        Temple |     74 |     50 |     24 |      0 |     47 |   1 |   74.0 |
               +--------+--------+--------+--------+--------+-----+--------+

Top non-repeatable levels by time:
     D:4: 1806 daAuts
     D:5: 1804 daAuts
     D:1: 1422 daAuts
     D:6: 1264 daAuts
     D:2: 989 daAuts
     D:7: 981 daAuts
     D:3: 955 daAuts
     D:8: 386 daAuts
  Temple: 74 daAuts
